 Dungeon Crawl Stone Soup version 0.22-a0-274-gf8199ec (webtiles) character file.

151 drazt1k the Ogre Mage (level 5, -3/48 HPs)
             Began as an Ogre Fire Elementalist on Mar 13, 2018.
             Was an Initiate of Okawaru.
             Killed from afar by an orc wizard (7 damage)
             ... with a puff of flame
             ... on level 4 of the Dungeon.
             The game lasted 00:20:38 (4471 turns).

drazt1k the Ogre Mage (Ogre Fire Elementalist)      Turns: 4471, Time: 00:20:39

Health: -3/48      AC:  3    Str: 13    XL:     5   Next: 33%
Magic:  9/9        EV: 10    Int: 16    God:    Okawaru [......]
Gold:   131        SH:  0    Dex:  9    Spells: 4/10 levels left

rFire    . . .     SeeInvis .   a - +2 dagger (elec)
rCold    . . .     Gourm    .   (no shield)
rNeg     . . .     Faith    +   d - +0 robe
rPois    .         Spirit   .   (helmet restricted)
rElec    .         Reflect  .   (no cloak)
rCorr    .         Harm     .   (gloves unavailable)
MR       .....                  (boots unavailable)
Stlth    +.........             m - amulet of faith
HPRegen  0.16/turn              (no ring)
MPRegen  0.11/turn              (no ring)

@: confused, hasted and slowed
A: large, unfitting armour, tough skin 1
a: Renounce Religion


You were on level 4 of the Dungeon.
You worshipped Okawaru.
Okawaru was noncommittal.
You were not hungry.

You visited 1 branch of the dungeon, and saw 4 of its levels.

You collected 131 gold pieces.

Inventory:

Hand Weapons
 a - a +2 dagger of electrocution (weapon)
 b - a +0 spear
 i - a +0 hunting sling
Missiles
 g - 63 stones (quivered)
 s - 2 tomahawks
Armour
 d - a +0 robe (worn)
Jewellery
 m - an amulet of faith (around neck)
Wands
 r - a wand of polymorph (17)
Scrolls
 j - a scroll of amnesia {unknown}
 q - 2 scrolls of teleportation {unknown}
Potions
 e - a potion of haste
 f - a potion of flight
 h - 2 potions of magic {unknown}
 l - 2 potions of berserk rage {unknown}
 n - a potion of cancellation {unknown}
 p - a potion of resistance {unknown}
 t - a potion of curing {unknown}
Comestibles
 c - 2 rations


   Skills:
 + Level 1.2 Fighting
 + Level 2.2 Short Blades
 + Level 0.6 Throwing
 - Level 1.7 Dodging
 - Level 1.4 Stealth
 - Level 3.0 Spellcasting
 + Level 2.8 Conjurations
 + Level 2.9 Fire Magic


You had 4 spell levels left.
You knew the following spells:

 Your Spells              Type           Power        Failure   Level  Hunger
a - Flame Tongue          Conj/Fire      ##...        5%          1    #......
b - Throw Flame           Conj/Fire      ##....       9%          2    ##.....
c - Conjure Flame         Conj/Fire      ##......     17%         3    ###....


Dungeon Overview and Level Annotations

Branches:
Dungeon (4/15)
 Temple: D:4-7

Altars:
Gozag
Hepliaklqana
Okawaru
Sif Muna
Yredelemnul

Annotations:
D:1 exclusion: downstairs


Innate Abilities, Weirdness & Mutations

You are too large for most types of armour.
You have tough skin. (AC +1)


Message History

The orc wizard hits you but does no damage.
The orc wizard mumbles some strange words.
The orc wizard blinks!
You barely miss the orc wizard.
The orc wizard is severely wounded.
The orc wizard barely misses you. Something hits you.
The orc wizard closely misses you.
The orc wizard gestures at you while chanting.
The magic dart hits you!
* * * LOW HITPOINT WARNING * * *
Something hits you but does no damage.
It was a potion of haste.
You feel yourself speed up.
The orc wizard hits you but does no damage.
The orc wizard gestures at you while chanting.
The magic dart hits you!
* * * LOW HITPOINT WARNING * * *
The giant cockroach bites you but does no damage.
The orc wizard casts a spell at you. The puff of flame hits you!
You die...

################
#..............o
#.......########
#.......# #.......#
#...so{.# #...†@.##
# #......##.#
#########........#
##.##...##........#
#.........†o......#
#.................#
#....>............#
#..............##.#
#..............# #


You could see 2 orc wizards and a giant cockroach.

Vanquished Creatures
  A hound (D:4)
  2 adders
  An ooze (D:2)
  An adder skeleton (D:4)
  4 worms
  3 dart slugs
  2 leopard geckos (D:2)
  10 orcs
  A giant cockroach (D:1)
  2 goblins
  7 hobgoblins
  6 jackals (D:3)
  A quokka (D:2)
  2 ball pythons
  4 bats
  5 frilled lizards
  8 kobolds
  8 rats
68 creatures vanquished.

Notes
Turn   | Place    | Note
-------+----------+-------------------------------------------
     0 | D:1      | drazt1k the Ogre Fire Elementalist began the quest for the Orb.
     0 | D:1      | Reached XP level 1. HP: 16/16 MP: 3/3
    21 | D:1      | Reached skill level 1 in Conjurations
   485 | D:1      | Reached XP level 2. HP: 23/24 MP: 3/5
   703 | D:1      | Learned a level 2 spell: Throw Flame
   963 | D:1      | Reached skill level 1 in Short Blades
  1201 | D:2      | Found a hazy altar of Hepliaklqana.
  1201 | D:2      | Found a basalt altar of Yredelemnul.
  1206 | D:1      | Reached XP level 3. HP: 31/31 MP: 6/6
  1310 | D:2      | Found an iron altar of Okawaru.
  1614 | D:2      | Became a worshipper of Warmaster Okawaru
  1886 | D:2      | Learned a level 3 spell: Conjure Flame
  1915 | D:2      | Found a deep blue altar of Sif Muna.
  2258 | D:2      | Reached XP level 4. HP: 39/39 MP: 5/7
  3401 | D:3      | Reached skill level 1 in Fighting
  3401 | D:3      | Reached XP level 5. HP: 48/48 MP: 6/9
  3526 | D:4      | Noticed an ogre
  3604 | D:2      | HP: 1/48 [ogre/giant club (19)]
  4120 | D:4      | Found an opulent altar of Gozag.
  4287 | D:4      | Reached skill level 3 in Spellcasting
  4471 | D:4      | Killed from afar by an orc wizard

Vault maps used:
D:1:      dpeg_arrival_shrine
D:2:      lemuel_round_altar, grunt_temple_overflow_open, first_ration
D:4:      kennysheep_vampire_church, lemuel_crystal_altar,
          kennysheep_little_box, nicolae_tso_carved_into_rock

Skill      XL: |  1  2  3  4  5 |
---------------+----------------+-----
Conjurations   | 1 2 |  2.8
Short Blades   | 1 2 |  2.2
Fighting       | 1 |  1.2
Spellcasting   | 3 |  3.0
Throwing       | |  0.6
Dodging        | |  1.7
Stealth        | |  1.4
Fire Magic     | |  2.9

Action                   |  1- 3 |  4- 6 || total
-------------------------+-------+-------++-------
Melee: Dagger            |    66 |   102 ||   168
Throw: Stone             |     9 |    13 ||    22
 Cast: Flame Tongue      |    24 |    25 ||    49
       Conjure Flame     |       |     2 ||     2
Evoke: Wand              |       |     1 ||     1
  Use: Scroll            |       |     2 ||     2
       Potion            |       |     2 ||     2
 Stab: Sleeping          |     2 |     1 ||     3
  Eat: Chunk             |     1 |     4 ||     5
       Ration            |     1 |     1 ||     2
Armor: Robe              |    12 |    19 ||    31
Dodge: Dodged            |    37 |    49 ||    86

Table legend:
 A = Spawn XP
 B = Non-spawn XP
 C = Spawn XP percentage of total XP
 D = Spawn monster count
 E = Non-spawn monster count
 F = Spawn count percentage of total count
 G = Total turns spent on level
                    A         B        C        D         E        F      G
               +---------+---------+-------+---------+---------+-------+---------
         Total |       0 |     216 |   0.0 |       0 |      68 |   0.0 |  4471
               +---------+---------+-------+---------+---------+-------+---------
           D:1 |       0 |      38 |   0.0 |       0 |      20 |   0.0 |  1566
           D:2 |       0 |      52 |   0.0 |       0 |      15 |   0.0 |  1454
           D:3 |       0 |      76 |   0.0 |       0 |      29 |   0.0 |  1064
           D:4 |       0 |      50 |   0.0 |       0 |       4 |   0.0 |   387
               +---------+---------+-------+---------+---------+-------+---------
